 Dungeon Crawl Stone Soup version 0.24.0-13-gcf9b319 (webtiles) character file.

Game seed: 4430700427564134093, levelgen mode: deterministic

42 Bronimir the Conjurer (level 3, 0/21 HPs)
             Began as an Octopode Conjurer on Apr 18, 2020.
             Succumbed to an adder's poison
             ... on level 2 of the Dungeon.
             The game lasted 00:03:03 (1223 turns).

Bronimir the Conjurer (Octopode Conjurer)           Turns: 1223, Time: 00:03:03

Health: 0/21       AC:  1    Str:  7    XL:     3   Next: 54%
Magic:  3/6        EV: 13    Int: 18    God:
Gold:   60         SH:  0    Dex: 12    Spells: 3/6 levels left

rFire    . . .     SeeInvis .   d - +0 club
rCold    . . .     Gourm    .   (no shield)
rNeg     . . .     Faith    .   (helmet restricted)
rPois    .         Spirit   .   (no amulet)
rElec    .         Reflect  .   (no ring)
rCorr    .         Harm     .   (no ring)
MR       .....                  (no ring)
Stlth    +++.......             (no ring)
HPRegen  0.07/turn              (no ring)
MPRegen  0.10/turn              (no ring)
                                (no ring)
                                (no ring)

@: lethally poisoned (0 -> -2)
A: almost no armour, stealthy swim, amphibious, 8 rings, constrict 8, camouflage
1, gelatinous body 1
a: no special abilities


You were on level 2 of the Dungeon.
You were not hungry.

You visited 1 branch of the dungeon, and saw 2 of its levels.

You collected 60 gold pieces.

Inventory:

Hand Weapons
 d - a +0 club (weapon)
Missiles
 c - 27 stones (quivered)
 h - 47 bolts
Scrolls
 g - a scroll of enchant armour
Comestibles
 b - 3 rations


   Skills:
 * Level 2.2 Dodging
 - Level 2.6 Stealth
 + Level 0.8 Unarmed Combat
 * Level 2.1 Spellcasting
 * Level 4.8 Conjurations


You had 3 spell levels left.
You knew the following spells:

 Your Spells              Type           Power        Failure   Level  Hunger
a - Magic Dart            Conj           ###.         2%          1    #......
b - Searing Ray           Conj           ###...       3%          2    ###....

Your spell library contained the following spells:

 Spells                   Type           Power        Failure   Level  Hunger
 Dazzling Spray           Conj/Hex       ##....       21%         3    ###....
 Iskenderun's Mystic Bla  Conj           ###.....     24%         4    #####..
 Force Lance              Conj/Tloc      ##......     54%         4    #####..
 Fulminant Prism          Conj/Hex       ##........   54%         4    #####..


Dungeon Overview and Level Annotations

Branches:
Dungeon (2/15)

Altars:


Innate Abilities, Weirdness & Mutations

You cannot wear most types of armour.
You are very stealthy in the water. (Stealth+)
You are amphibious.
You can wear up to eight rings at the same time.
You can use your tentacles to constrict eight enemies at once.
Your skin changes colour to match your surroundings (Stealth+).
Your rubbery body absorbs attacks. (AC +1, EV +1)


Message History

a goblin corpse; an adder corpse
As you read the scroll labeled FAYN EKLAUTU, it crumbles to dust.
It is a scroll of identify.
g - a scroll of enchant armour
There is a lethal amount of poison in your body!
* * * LOW HITPOINT WARNING * * *
You feel sick.
* * * LOW HITPOINT WARNING * * *
You feel sick.
* * * LOW HITPOINT WARNING * * *
You feel sick.
* * * LOW HITPOINT WARNING * * *
You feel sick.
Things that are here:
a goblin corpse; an adder corpse
* * * LOW HITPOINT WARNING * * *
You feel sick.
* * * LOW HITPOINT WARNING * * *
You feel sick.
You die...

... #.#
#.############ #
..#.......@..# ###
#.#.#.##.......#
....#.#.#†##.>.....#
........#.#........#
..........#........#
#...#.#.#.#.......<#
# # #.#..........#
..#.#.########
#..#.#.#


There were no monsters in sight!

Vanquished Creatures
  An adder (D:2)
  An ooze (D:2)
  2 dart slugs (D:1)
  A ball python (D:1)
  4 bats (D:1)
  2 goblins
  5 hobgoblins (D:1)
  4 kobolds (D:1)
  A frilled lizard (D:1)
  5 rats (D:1)
26 creatures vanquished.

Notes
Turn   | Place    | Note
-------+----------+-------------------------------------------
     0 | D:1      | Bronimir the Octopode Conjurer began the quest for the Orb.
     0 | D:1      | Reached XP level 1. HP: 11/11 MP: 3/3
    91 | D:1      | Reached XP level 2. HP: 7/17 MP: 0/5
   309 | D:1      | Learned a level 2 spell: Searing Ray
   923 | D:1      | Reached XP level 3. HP: 21/21 MP: 3/6
  1215 | D:2      | HP: 1/21 [poisoned by an adder]
  1223 | D:2      | Succumbed to an adder's poison

Levels and vault maps discovered:
D:1:      dpeg_arrival_refuge, layout_basic
D:2:      layout_loops_cross, eat_drink_and_be_merry_uskayaw,
          serial_bayou_pond_e, uniq_jessica, uniq_sigmund

Action                   || total
-------------------------++-------
Melee: Club              ||    10
       Constrict         ||     6
       Unarmed           ||     3
       Tentacles         ||     2
 Cast: Magic Dart        ||    44
  Use: Scroll            ||     1
       Potion            ||     1
 Stab: Sleeping          ||     1
  Eat: Chunk             ||     1
Armor: Skin              ||     2
Dodge: Dodged            ||    15
